AoeStats
← Mr.Razorski

Pilgrims

509748711Analyzed
3v3 RM · 3d ago on Sep 27, 2026· 44m 4s· 6 players
Game mode
Random Map
Map size
Normal (6 player)
Population
200
Speed
Normal
Resources
Standard
Victory
Conquest
Starting age
Dark Age
Ending age
Imperial Age
RankedLock teamsTeams togetherTeam positionsShared explorationLock speedFull tech treeHidden civsTurbo modeCheats
Victory
Defeat
🇮🇳 Koreans · India
1159
+12
🇮🇪 Cumans · Ireland
1147
+13
🇲🇽 Ethiopians · Mexico
1141
+13
🇩🇰 Poles · Denmark
1182
-16
🇵🇱 Goths · Poland
1078
-13
🇵🇱 Franks · Poland
976
-9
redjumper99
5:10 Loom
15:29 Feudal Age
16:03 Double-Bit Axe
16:04 Fishing Lines
18:00 Wheelbarrow
17:47 Town Watch
21:11 Gold Mining
21:12 Stone Mining
22:05 Forging
22:01 Scale Barding Armor
24:00 Castle Age
22:55 Arson
24:57 Bloodlines
25:30 Bow Saw
26:15 Chain Barding Armor
26:31 Iron Casting
27:00 Hand Cart
26:58 Horse Collar
28:25 Steppe Husbandry
32:48 Town Patrol
33:56 Gillnets
37:13 Heavy Plow
38:36 Scale Mail Armor
43:25 Imperial Age
41:56 Light Cavalry
43:03 Fletching
45:06 Plate Barding Armor
45:31 Blast Furnace
43:54 Elite Steppe Lancer
vibhuyasha
3:53 Loom
11:54 Feudal Age
19:16 Castle Age
17:24 Double-Bit Axe
17:23 Fishing Lines
20:32 Fletching
21:21 Bow Saw
21:32 Bodkin Arrow
29:18 Imperial Age
27:20 Ballistics
27:08 Thumb Ring
29:17 Treadmill Crane
30:24 Conscription
30:05 Man-at-Arms
30:46 Squires
30:31 Arson
31:20 Long Swordsman
31:46 Arson
32:06 Scale Mail Armor
33:54 Forging
34:11 Two-Handed Swordsman
37:43 Champion
39:01 Chain Mail Armor
39:22 Iron Casting
41:27 Plate Mail Armor
41:44 Gillnets
BerC
9:31 Loom
11:33 Feudal Age
13:29 Double-Bit Axe
15:33 Wheelbarrow
15:36 Fletching
16:18 Fishing Lines
20:41 Castle Age
21:54 Bow Saw
22:29 Medium Warships
22:19 Gillnets
23:49 Hand Cart
24:02 Bodkin Arrow
24:28 Crossbowman
25:13 Thumb Ring
25:12 Padded Archer Armor
27:02 Ballistics
30:27 Leather Archer Armor
30:33 Gold Mining
35:22 Imperial Age
32:40 Town Watch
34:11 Town Patrol
34:12 Horse Collar
36:37 Bracer
37:44 Chemistry
36:56 Arbalester
39:01 Ring Archer Armor
38:34 Heavy Plow
38:59 Conscription
39:36 Gold Shaft Mining
38:51 Stone Mining
41:55 Two-Man Saw
41:52 Murder Holes
42:00 Capped Ram
43:50 Stone Shaft Mining
44:49 Masonry
44:44 Siege Engineers
Mr.Razorski
11:46 Feudal Age
14:07 Horse Collar
14:21 Double-Bit Axe
15:25 Horse Collar
19:04 Castle Age
17:26 Bloodlines
20:30 Wheelbarrow
21:18 Light Cavalry
21:59 Husbandry
24:24 Scale Barding Armor
24:46 Forging
25:19 Heavy Plow
25:36 Bow Saw
26:54 Hand Cart
27:02 Pikeman
32:39 Imperial Age
31:58 Szlachta Privileges
36:56 Chain Barding Armor
39:05 Cavalier
40:23 Iron Casting
mateusz.czeczot2
13:11 Feudal Age
15:41 Double-Bit Axe
19:12 Castle Age
21:42 Bow Saw
22:58 Gold Mining
30:53 Imperial Age
29:51 Gold Shaft Mining
31:00 Wheelbarrow
30:39 Forging
30:35 Scale Barding Armor
30:57 Cavalier
33:04 Husbandry
39:51 Conscription
40:19 Chain Barding Armor
40:35 Iron Casting
xMattAdore
4:12 Loom
17:41 Feudal Age
23:21 Castle Age
21:36 Forging
21:27 Scale Mail Armor
22:14 Double-Bit Axe
25:43 Fletching
26:24 Bodkin Arrow
31:06 Pikeman
41:55 Man-at-Arms
Connection lost

Rejoining the realm…

Still unreachable

The connection could not be restored.

Session expired

The server has moved on; the page needs a fresh start.